 Dungeon Sprint DCSS version 0.31-a0-931-g7b59d4eb97 (webtiles) character file.

Game seed: 7963349912778206450

7200000 dialectric the Axe Maniac (level 27, -21/249 HPs)
             Began as a Formicid Gladiator on Oct 20, 2023.
             Was the Champion of Makhleb.
             Demolished by The Servant
             ... wielding a +9 glaive of flaming
              (148 damage)
             ... in the Dungeon (Sprint VIII: "Arena of Blood").
             The game lasted 00:03:00 (72 turns).

dialectric the Axe Maniac (Formicid Gladiator)        Turns: 72, Time: 00:03:01

Health: -21/249    AC:  6    Str: 29    XL:     27
Magic:  30/54      EV: 31    Int:  8    God:    Makhleb [******]
Gold:   0          SH:  0    Dex: 19    Spells: 80/80 levels left

rFire   . . .        h - +∞ Axe of Woe
rCold   . . .        (no shield)
rNeg    . . .        b - +0 leather armour
rPois   .            (helmet unavailable)
rElec   .            (no cloak)
rCorr   .            (no gloves)
SInv    +            (no boots)
Will    ++...        (no amulet)
Stlth   ++++++++++   (no ring)
HPRegen 0.61/turn    (no ring)
MPRegen 0.34/turn

%: no passive effects
@: no status effects
A: permanent stasis, dig shafts and tunnels, antennae 3, four strong arms
a: Dig, Renounce Religion, Minor Destruction, Lesser Servant of Makhleb, Major
Destruction, Greater Servant of Makhleb


You were in the Dungeon.
You worshipped Makhleb.
Makhleb was exalted by your worship.
You visited 1 branch

Inventory:

Hand Weapons
 a - a +0 war axe
 h - the +∞ Axe of Woe (weapon)
   (You found it in the Dungeon)
Missiles
 c - 3 throwing nets (quivered)
 d - a javelin
Armour
 b - a +0 leather armour (worn)
Potions
 e - a potion of curing
 f - a potion of heal wounds
 g - 2 potions of magic


   Skills:
 O Level 27 Fighting
 O Level 27 Short Blades
 O Level 27 Long Blades
 O Level 27 Axes
 O Level 27 Maces & Flails
 O Level 27 Polearms
 O Level 27 Staves
 O Level 27 Ranged Weapons
 O Level 27 Throwing
 O Level 27 Armour
 O Level 27 Dodging
 O Level 27 Stealth
 O Level 27 Shields
 O Level 27 Unarmed Combat
 O Level 27 Spellcasting
 O Level 27 Conjurations
 O Level 27 Hexes
 O Level 27 Summonings
 O Level 27 Necromancy
 O Level 27 Translocations
 O Level 27 Transmutations
 O Level 27 Fire Magic
 O Level 27 Ice Magic
 O Level 27 Air Magic
 O Level 27 Earth Magic
 O Level 27 Poison Magic
 O Level 27 Invocations
 O Level 27 Evocations
 O Level 27 Shapeshifting


You had 80 spell levels left.
You didn't know any spells.
Your spell library was empty.

Dungeon Overview and Level Annotations

Branches:
Dungeon (1/1)

Altars:
Makhleb

Annotations:
D The Servant


Innate Abilities, Weirdness & Mutations

You cannot be hasted, slowed, berserked, paralysed or teleported.
You can dig through walls and to a lower floor.
You have a pair of large antennae on your head. (SInv)
Your four strong arms can wield two-handed weapons with a shield.


Message History

You dice the meat berserker like an onion!!!
You fatally mangle the meat berserker.
You kill the meat berserker!
Makhleb accepts your kill.
The meat berserker is engulfed in blazing flames.
The meat berserker rages.
The meat beast is engulfed in blazing flames.
The meat beast bites you but does no damage.
The meat beast tramples you!
* * * LOW HITPOINT WARNING * * *
You stumble backwards!
A meat berserker comes into view. It is wielding a +9 battleaxe.
The bag of meat is engulfed in blazing flames.
The Servant is engulfed in blazing flames.
You cut the meat beast into ribbons!!! You chop the meat beast into pieces.
You kill the meat beast!
Makhleb accepts your kill.
You feel better.
You hit the meat berserker.
You fatally mangle the meat berserker.
You kill the meat berserker!
Makhleb accepts your kill.
You feel better.
You are engulfed in blazing flames.
The destroyer gestures at you while chanting.
The destroyer blinks!
The large abomination is engulfed in blazing flames.
The tyrant is engulfed in blazing flames.
The tyrant casts a spell.
You carve the dread like a ham!!!
You hew the dread violently.
You destroy the dread!
Makhleb accepts your kill.
You feel better.
You slice the large abomination!!
You chop the large abomination into pieces.
You destroy the large abomination!
The large abomination disappears in a puff of smoke!
You are engulfed in blazing flames.
The tentacled monstrosity disappears in a puff of smoke!
A bag of meat comes into view. It is wielding a +9 war axe.
The Servant hits you from afar with a +9 glaive of flaming!!!!!
Ouch! That really hurt!
You die...

{ ...#..o.. ....,
###...#........
....###...o..#..........
...#.................{..
......§#................
......V.#))......#......
.....z..O))#.....#.o....
..O....°#@W))))###V.....
,.#.○○@)X)2)).).)).###.
##○§§)XXz#)))))).._..
,#O☼☼Lo#X......#.....
.....###oXzo......#_.<._
....# .{O○#.......#)....
...#{..X....#........_..
... ....O...........###.
.. {........O.z###...{,{
.......... #..., .


You could see 2 tentacled monstrosities, a meat beast (fast), a tyrant (fast),
The Servant, a destroyer, 3 sculptors of flesh, 2 large bags of meat, 3 large
abominations, a dread, 4 meat berserkers and 4 bags of meat.

Vanquished Creatures
  A hell beast (D)
  2 royal mummies (D)
  2 wraiths (D)
  13 vampire knights (D)
  32 ogres (D)
  10 two-headed ogres (D)
  85 orcs (D)
  7 skeletal warriors (D)
152 creatures vanquished.

Notes
Turn   | Place    | Note
-------+----------+-------------------------------------------
     0 | D        | Found the +∞ Axe of Woe
     0 | D        | dialectric the Formicid Gladiator began the quest for the
                  | Orb.
     0 | D        | Reached XP level 1. HP: 16/16 MP: 1/1
     0 | D        | Noticed a bag of meat
     3 | D        | Noticed a meat berserker
     4 | D        | Became a worshipper of Makhleb the Destroyer
     4 | D        | Noticed a bag of meat
     5 | D        | Killed a bag of meat
     5 | D        | Noticed a meat berserker
     6 | D        | Reached skill level 10 in Fighting
     6 | D        | Reached XP level 2. HP: 35/35 MP: 2/2
     6 | D        | Reached XP level 3. HP: 41/41 MP: 3/3
     6 | D        | Reached XP level 4. HP: 47/47 MP: 4/4
     6 | D        | Reached XP level 5. HP: 53/53 MP: 5/5
     6 | D        | Reached XP level 6. HP: 60/60 MP: 6/6
     6 | D        | Reached XP level 7. HP: 66/66 MP: 7/7
     6 | D        | Reached XP level 8. HP: 72/72 MP: 8/8
     6 | D        | Reached XP level 9. HP: 78/78 MP: 9/9
     6 | D        | Reached XP level 10. HP: 85/85 MP: 10/10
     6 | D        | Reached XP level 11. HP: 90/90 MP: 11/11
     6 | D        | Noticed a bag of meat
     7 | D        | Noticed a bag of meat
     7 | D        | Noticed a meat berserker
     7 | D        | Noticed a bag of meat
     7 | D        | Noticed a bag of meat
     8 | D        | Noticed a bag of meat
     8 | D        | Noticed a bag of meat
     9 | D        | Noticed a bag of meat
     9 | D        | Killed a meat berserker
     9 | D        | Reached * piety under Makhleb
     9 | D        | Noticed a meat berserker
     9 | D        | Noticed a bag of meat
    10 | D        | Reached XP level 12. HP: 27/103 MP: 12/12
    10 | D        | Reached XP level 13. HP: 29/109 MP: 13/13
    10 | D        | Noticed a bag of meat
    10 | D        | Killed a meat berserker
    10 | D        | Noticed a bag of meat
    11 | D        | Reached XP level 14. HP: 33/121 MP: 14/14
    11 | D        | Killed a bag of meat
    12 | D        | Reached skill level 15 in Fighting
    12 | D        | Killed a bag of meat
    12 | D        | Reached ** piety under Makhleb
    12 | D        | Killed a meat berserker
    12 | D        | Noticed a meat berserker
    13 | D        | Reached XP level 15. HP: 36/132 MP: 15/15
    15 | D        | Killed a meat berserker
    15 | D        | Reached *** piety under Makhleb
    16 | D        | Reached skill level 27 in Axes
    16 | D        | Reached XP level 16. HP: 131/150 MP: 16/16
    16 | D        | Noticed a meat berserker
    17 | D        | Noticed a meat berserker
    17 | D        | Noticed a meat berserker
    18 | D        | Reached **** piety under Makhleb
    18 | D        | Noticed a meat berserker
    19 | D        | Reached skill level 27 in Dodging
    19 | D        | Reached XP level 17. HP: 117/165 MP: 17/17
    19 | D        | Killed a meat berserker
    19 | D        | Noticed a meat berserker
    20 | D        | Reached skill level 27 in Fighting
    20 | D        | Noticed a meat berserker
    20 | D        | Noticed a large bag of meat
    20 | D        | Noticed a meat berserker
    21 | D        | Noticed a meat berserker
    21 | D        | Noticed a destroyer
    21 | D        | Noticed a large bag of meat
    21 | D        | Noticed a meat berserker
    21 | D        | Noticed a meat berserker
    21 | D        | Noticed a meat berserker
    22 | D        | Reached ***** piety under Makhleb
    22 | D        | Killed a meat berserker
    22 | D        | Noticed a destroyer
    22 | D        | Noticed a meat berserker
    23 | D        | Reached skill level 27 in Throwing
    23 | D        | Reached XP level 18. HP: 182/182 MP: 18/18
    23 | D        | Killed a meat berserker
    24 | D        | Reached skill level 27 in Armour
    24 | D        | Reached XP level 19. HP: 138/189 MP: 19/19
    24 | D        | Killed a meat berserker
    24 | D        | Killed a meat berserker
    24 | D        | Reached ****** piety under Makhleb
    24 | D        | Killed a meat berserker
    24 | D        | Noticed a destroyer
    25 | D        | Reached skill level 5 in Short Blades
    25 | D        | Reached skill level 5 in Long Blades
    25 | D        | Reached skill level 5 in Maces & Flails
    25 | D        | Reached skill level 5 in Polearms
    25 | D        | Reached skill level 5 in Staves
    25 | D        | Reached skill level 5 in Ranged Weapons
    25 | D        | Reached skill level 5 in Unarmed Combat
    25 | D        | Reached skill level 5 in Spellcasting
    25 | D        | Reached skill level 5 in Conjurations
    25 | D        | Reached skill level 5 in Necromancy
    25 | D        | Reached skill level 5 in Translocations
    25 | D        | Reached skill level 5 in Fire Magic
    25 | D        | Reached skill level 5 in Ice Magic
    25 | D        | Reached XP level 20. HP: 197/197 MP: 19/28
    25 | D        | Noticed a large bag of meat
    26 | D        | Noticed a destroyer
    26 | D        | Noticed a meat berserker
    27 | D        | Reached skill level 10 in Stealth
    27 | D        | Reached skill level 10 in Shields
    27 | D        | Reached skill level 10 in Poison Magic
    27 | D        | Reached skill level 10 in Invocations
    27 | D        | Noticed a meat berserker
    27 | D        | Killed a meat berserker
    27 | D        | Noticed a meat berserker
    27 | D        | Noticed a destroyer
    28 | D        | Reached skill level 10 in Summonings
    28 | D        | Reached skill level 10 in Transmutations
    28 | D        | Reached skill level 10 in Shapeshifting
    28 | D        | Reached XP level 21. HP: 204/204 MP: 19/34
    28 | D        | Noticed a meat berserker
    28 | D        | Noticed a destroyer
    28 | D        | Killed a meat berserker
    28 | D        | Killed a meat berserker
    28 | D        | Killed a large bag of meat
    28 | D        | Killed a meat berserker
    29 | D        | Reached skill level 10 in Conjurations
    29 | D        | Reached skill level 10 in Translocations
    29 | D        | Reached XP level 22. HP: 164/212 MP: 19/37
    29 | D        | Killed a meat berserker
    29 | D        | Killed a destroyer
    29 | D        | Killed a meat berserker
    29 | D        | Killed a destroyer
    29 | D        | Killed a destroyer
    29 | D        | Killed a large bag of meat
    29 | D        | Noticed a meat berserker
    30 | D        | Reached skill level 15 in Summonings
    30 | D        | Reached skill level 15 in Shapeshifting
    30 | D        | Reached XP level 23. HP: 184/219 MP: 19/40
    31 | D        | Reached skill level 27 in Stealth
    31 | D        | Reached XP level 24. HP: 210/227 MP: 20/40
    31 | D        | Killed a destroyer
    32 | D        | Reached skill level 15 in Short Blades
    32 | D        | Reached skill level 15 in Long Blades
    32 | D        | Reached skill level 15 in Maces & Flails
    32 | D        | Reached skill level 15 in Polearms
    32 | D        | Reached skill level 15 in Staves
    32 | D        | Reached skill level 15 in Ranged Weapons
    32 | D        | Reached skill level 15 in Unarmed Combat
    32 | D        | Reached skill level 15 in Spellcasting
    32 | D        | Reached skill level 15 in Necromancy
    32 | D        | Reached skill level 15 in Fire Magic
    32 | D        | Reached skill level 15 in Ice Magic
    33 | D        | Reached XP level 25. HP: 223/234 MP: 20/42
    33 | D        | Killed a destroyer
    33 | D        | Noticed a large bag of meat
    34 | D        | Reached skill level 15 in Conjurations
    34 | D        | Reached skill level 15 in Translocations
    34 | D        | Noticed a destroyer
    35 | D        | Reached skill level 15 in Air Magic
    35 | D        | Reached XP level 26. HP: 232/242 MP: 20/44
    35 | D        | Killed a destroyer
    37 | D        | Killed a large bag of meat
    37 | D        | Noticed a destroyer
    38 | D        | Reached XP level 27. HP: 204/249 MP: 21/46
    38 | D        | Noticed a destroyer
    39 | D        | Noticed a large bag of meat
    41 | D        | Noticed a large bag of meat
    41 | D        | Noticed a destroyer
    43 | D        | Reached skill level 27 in Poison Magic
    44 | D        | Killed a destroyer
    45 | D        | Reached skill level 27 in Invocations
    45 | D        | Noticed a destroyer
    45 | D        | Noticed a destroyer
    47 | D        | Reached skill level 27 in Shields
    47 | D        | Reached skill level 27 in Earth Magic
    47 | D        | Killed a large bag of meat
    47 | D        | Noticed a large bag of meat
    47 | D        | Noticed a large bag of meat
    47 | D        | Noticed a destroyer
    48 | D        | Killed a destroyer
    49 | D        | Reached skill level 27 in Evocations
    49 | D        | Killed a large bag of meat
    49 | D        | Noticed a large bag of meat
    49 | D        | Noticed an accursed
    50 | D        | Reached skill level 27 in Hexes
    50 | D        | Killed a destroyer
    52 | D        | Noticed a large bag of meat
    52 | D        | Noticed an accursed
    53 | D        | Killed a destroyer
    54 | D        | Noticed a destroyer
    55 | D        | Noticed a tyrant
    56 | D        | Killed an accursed
    56 | D        | Killed a destroyer
    56 | D        | Killed a destroyer
    57 | D        | Reached skill level 27 in Summonings
    57 | D        | Reached skill level 27 in Transmutations
    57 | D        | Reached skill level 27 in Ice Magic
    57 | D        | Reached skill level 27 in Shapeshifting
    58 | D        | Noticed a large bag of meat
    58 | D        | Killed a large bag of meat
    58 | D        | Killed a large bag of meat
    58 | D        | Killed a large bag of meat
    59 | D        | Reached skill level 27 in Short Blades
    59 | D        | Reached skill level 27 in Long Blades
    59 | D        | Reached skill level 27 in Maces & Flails
    59 | D        | Reached skill level 27 in Polearms
    59 | D        | Reached skill level 27 in Staves
    59 | D        | Reached skill level 27 in Ranged Weapons
    59 | D        | Reached skill level 27 in Unarmed Combat
    59 | D        | Reached skill level 27 in Spellcasting
    59 | D        | Reached skill level 27 in Necromancy
    59 | D        | Reached skill level 27 in Fire Magic
    60 | D        | Killed a large bag of meat
    60 | D        | Noticed a destroyer
    61 | D        | Reached skill level 27 in Conjurations
    61 | D        | Reached skill level 27 in Translocations
    61 | D        | Reached skill level 27 in Air Magic
    62 | D        | Noticed a dread
    62 | D        | Killed a large bag of meat
    64 | D        | Noticed The Servant
    65 | D        | Killed an accursed
    66 | D        | Noticed a dread
    66 | D        | Noticed a meat beast
    67 | D        | Noticed a dread
    68 | D        | Killed a destroyer
    69 | D        | Noticed a large bag of meat
    70 | D        | Noticed a meat beast
    70 | D        | Killed a dread
    71 | D        | Killed a meat beast
    72 | D        | Killed a dread
    72 | D        | Demolished by The Servant

Illustrated notes

Levels and vault maps discovered:
D:        meatsprint

Skill      XL: |  1  2  3  4  5  6  7  8  9 10 11 12 13 14 15 16 17 18 19 20 21 22 23 24 25 26 27 |
---------------+----------------------------------------------------------------------------------+-----
Fighting       | 10 12 14 16 20 23 27 | 27.0
Axes           | 17 21 23 26 27 | 27.0
Throwing       | 8 11 12 14 16 18 27 | 27.0
Dodging        | 14 18 20 22 26 27 | 27.0
Armour         | 17 27 | 27.0
Short Blades   | 5 9 11 13 15 17 19 27 | 27.0
Long Blades    | 5 9 11 13 15 17 19 27 | 27.0
Maces & Flails | 5 9 11 13 15 17 19 27 | 27.0
Polearms       | 5 9 11 13 15 17 19 27 | 27.0
Staves         | 5 9 11 13 15 17 19 27 | 27.0
Ranged Weapons | 5 9 11 13 15 17 19 27 | 27.0
Stealth        | 7 12 14 17 27 | 27.0
Shields        | 7 12 14 17 20 21 24 27 | 27.0
Unarmed Combat | 5 9 11 13 15 17 19 27 | 27.0
Spellcasting   | 5 9 11 13 15 17 19 27 | 27.0
Conjurations   | 5 8 10 12 14 15 17 27 | 27.0
Hexes          | 6 11 13 16 18 20 22 27 | 27.0
Summonings     | 6 10 12 15 17 19 21 27 | 27.0
Necromancy     | 5 9 11 13 15 17 19 27 | 27.0
Translocations | 5 8 10 12 14 15 17 27 | 27.0
Transmutations | 6 10 12 14 17 18 20 27 | 27.0
Fire Magic     | 5 9 11 13 15 17 19 27 | 27.0
Ice Magic      | 5 9 11 13 16 17 20 27 | 27.0
Air Magic      | 4 7 9 11 13 15 17 27 | 27.0
Earth Magic    | 6 11 13 16 19 20 23 27 | 27.0
Poison Magic   | 7 12 14 17 20 22 25 27 | 27.0
Invocations    | 7 12 14 17 20 22 24 27 | 27.0
Evocations     | 7 11 13 16 19 20 22 27 | 27.0
Shapeshifting  | 6 10 12 15 17 19 21 27 | 27.0

Action                     |  1- 3 |  4- 6 |  7- 9 | 10-12 | 13-15 | 16-18 | 19-21 | 22-24 | 25-27 || total
---------------------------+-------+-------+-------+-------+-------+-------+-------+-------+-------++-------
  Melee: Executioner's axe |     1 |       |       |     1 |     4 |     4 |     4 |     4 |    31 ||    49
 Armour: Leather armour    |       |       |       |     1 |       |     4 |     3 |     5 |    40 ||    53
  Dodge: Dodged            |       |       |       |       |       |       |       |     1 |     4 ||     5

Table legend: (Time is in decaauts)
 A = Elapsed time spent in this place.
 B = Non-inter-level travel time spent in this place.
 C = Inter-level travel time spent in this place.
 D = Time resting spent in this place.
 E = Time spent auto-exploring this place.
 F = Levels seen in this place.
 G = Mean time per level.
                   A        B        C        D        E       F      G
               +--------+--------+--------+--------+--------+-----+--------+
         Total |     58 |     58 |      0 |      0 |      0 |   1 |   58.0 |
       Dungeon |     58 |     58 |      0 |      0 |      0 |   1 |   58.0 |
               +--------+--------+--------+--------+--------+-----+--------+

Top non-repeatable levels by time:
       D: 58 daAuts
